 Dungeon Crawl Stone Soup version 0.26-b1-32-g5d43845318 (webtiles) character file.

Game seed: 9776930084951063238

109 Borgoz the Ducker (level 4, -2/38 HPs)
             Began as a Ghoul Gladiator on Jan 13, 2021.
             Killed by divine providence
             ... invoked by an orc priest
              (13 damage)
             ... while paralysed
             ... on level 3 of the Dungeon.
             The game lasted 00:01:42 (2230 turns).

Borgoz the Ducker (Ghoul Gladiator)                 Turns: 2230, Time: 00:01:43

Health: -2/38      AC:  7    Str: 15 (18) XL:     4   Next: 90%
Magic:  3/3        EV:  2    Int:  0 (3)  God:
Gold:   95         SH:  0    Dex:  7 (10) Spells: 3/3 levels left

rFire    . . .     SeeInvis .   a - +0 flail
rCold    + . .     Faith    .   (no shield)
rNeg     + + +     Spirit   .   j - +0 scale mail
rPois    ∞         Reflect  .   c - +0 helmet
rElec    .         Harm     +   k - scarf {harm}
rCorr    .         Rampage  .   (no gloves)
Will     .....                  (no boots)
Stlth    ..........             (no amulet)
HPRegen  0.00/turn              (no ring)
MPRegen  0.08/turn              (no ring)

@: paralysed, slowed, lost intelligence
A: claws 1, cold resistance 1, negative energy resistance 3, inhibited
regeneration, torment resistance, unbreathing
a: no special abilities


You were on level 3 of the Dungeon.
You visited 1 branch of the dungeon, and saw 3 of its levels.

You collected 95 gold pieces.

Inventory:

Hand Weapons
 a - a +0 flail (weapon)
Missiles
 d - 3 throwing nets (quivered)
Armour
 c - a +0 helmet (worn)
 j - a +0 scale mail (worn)
 k - a scarf of harm (worn)
Jewellery
 l - a +4 ring of protection {unknown}
Scrolls
 e - a scroll of fear {unknown}
 h - 2 scrolls of identify {unknown}
 m - 2 scrolls of immolation {unknown}
 n - a scroll of enchant weapon {unknown}
 o - a scroll of fog {unknown}
 p - a scroll of enchant armour {unknown}
 s - a scroll of blinking {unknown}
 t - a scroll of remove curse {unknown}
 u - a scroll of noise {unknown}
Potions
 f - a potion of cancellation {unknown}
 g - 3 potions of curing {unknown}
 i - a potion of heal wounds {unknown}
 q - a potion of mutation {unknown}
 r - 2 potions of attraction {unknown}
 v - a potion of invisibility {unknown}


   Skills:
 * Level 3.3 Fighting
 * Level 3.3 Maces & Flails
 - Level 1.7 Throwing
 * Level 1.7 Armour
 * Level 3.3 Dodging


You had 3 spell levels left.
You didn't know any spells.
Your spell library was empty.

Dungeon Overview and Level Annotations

Branches:
Dungeon (3/15)

Altars:
Ashenzari


Innate Abilities, Weirdness & Mutations

You thrive by killing the living.
You are immune to poison.
You have sharp fingernails.
Your flesh is cold resistant. (rC+)
You are immune to negative energy. (rN+++)
You do not regenerate when monsters are visible.
You are immune to unholy pain and torment.
You can survive without breathing.


Message History

The orc hits you but does no damage. The adder bites you but does no damage.
You closely miss the orc. The orc closely misses you.
The orc priest mumbles some strange prayers to Beogh against you.
Beogh smites you!
You barely miss the orc. The orc hits you but does no damage.
You hit the orc.
The orc is heavily wounded.
The orc hits you with a +0 mace!
The orc priest calls upon Beogh to heal the orc.
The orc's wounds heal themselves!
It was a potion of degeneration.
There was something very wrong with that liquid.
You feel weakened.
You feel dopey.
You have lost your intelligence.
You feel clumsy. The orc hits you with a +0 mace.
The orc hits you with a +0 mace.
* * * LOW HITPOINT WARNING * * *
The orc priest invokes the aid of Beogh against you.
Beogh smites you!
You die...

#######
......#
###†.....#
#oS......+
#o#......#
#@#o.....#
#.#......#
#†#......#
#.#......#
#.#......#
#.########
#.# #.#
#.#


You could see an orc priest, an adder and an orc.

Vanquished Creatures
  6 adders (D:2)
  2 worms (D:2)
  A dart slug (D:1)
  4 leopard geckos
  2 giant cockroaches
  5 goblins
  7 hobgoblins
  2 quokkas (D:2)
  6 bats
  4 frilled lizards (D:1)
  5 kobolds
  5 rats
49 creatures vanquished.

Notes
Turn   | Place    | Note
-------+----------+-------------------------------------------
     0 | D:1      | Borgoz the Ghoul Gladiator began the quest for the Orb.
     0 | D:1      | Reached XP level 1. HP: 17/17 MP: 0/0
   135 | D:1      | Found a broken altar of Ashenzari.
   411 | D:1      | Reached XP level 2. HP: 25/25 MP: 1/1
  1207 | D:2      | Reached skill level 1 in Armour
  1258 | D:2      | Reached XP level 3. HP: 27/30 MP: 2/2
  1633 | D:2      | Reached XP level 4. HP: 37/38 MP: 3/3
  2229 | D:3      | Lost intelligence.
  2230 | D:3      | Killed from afar by an orc priest

Illustrated notes

Levels and vault maps discovered:
D:1:      dpeg_arrival_leaves_temple_mockup, layout_loops_ring,
          evilmike_ruin_ashenzari
D:2:      layout_basic, minmay_diced_spiral
D:3:      layout_basic, portal_sewer_entry_b, minmay_box_of_dots, uniq_sigmund,
          uniq_ijyb

Skill      XL: |  1  2  3 |
---------------+----------+-----
Armour         | 1 |  1.7
Maces & Flails | 3 |  3.3
Dodging        | 3 |  3.3
Fighting       | 3 |  3.3
Throwing       | |  1.7

Action                   |  1- 3 |  4- 6 || total
-------------------------+-------+-------++-------
Melee: Flail             |   117 |    51 ||   168
  Use: Potion            |       |     1 ||     1
Armor: Leather armour    |    19 |       ||    19
       Scale mail        |    26 |    27 ||    53
Dodge: Dodged            |    71 |    32 ||   103
